 Dungeon Crawl Stone Soup version 0.21.0-3-g78d12a8 (webtiles) character file.

59 zxpr0jk the Changer (level 3, -4/28 HPs)
             Began as a Draconian Transmuter on Jan 14, 2018.
             Slain by a gnoll
             ... wielding a +0 spear
              (5 damage)
             ... on level 2 of the Dungeon.
             The game lasted 00:02:10 (1315 turns).

zxpr0jk the Changer (Draconian Transmuter)          Turns: 1315, Time: 00:02:11

Health: -4/28      AC:  5    Str: 12    XL:     3   Next: 78%
Magic:  5/6        EV: 12    Int: 13    God:
Gold:   88         SH:  0    Dex: 12    Spells: 5/6 levels left

rFire    . . .     SeeInvis .     - Unarmed
rCold    . . .     Gourm    .   (no shield)
rNeg     . . .     Faith    .   (armour unavailable)
rPois    .         Spirit   .   (helmet restricted)
rElec    .         Reflect  .   (no cloak)
rCorr    .         Harm     .   (no gloves)
MR       .....                  (boots currently unavailable)
Stlth    +.........             (no amulet)
HPRegen  0.09/turn              (no ring)
MPRegen  0.10/turn              (no ring)

@: appendage
A: unfitting armour, talons 3, cold-blooded, AC +5
a: End Transformation


You were on level 2 of the Dungeon.
You were hungry.
You had grown temporary talons.
You visited 1 branch of the dungeon, and saw 2 of its levels.

You collected 88 gold pieces.

Inventory:

Missiles
 a - 12 arrows
 i - 24 stones (quivered)
Scrolls
 d - a scroll of blinking {unknown}
 e - 2 scrolls of remove curse {unknown}
 f - 2 scrolls of identify {unknown}
Potions
 g - a potion of heal wounds {unknown}
Books
 b - a book of Changes

   Spells                             Type                      Level
   a - Beastly Appendage              Transmutation                1
   b - Sticks to Snakes               Transmutation                2
   c - Spider Form                    Transmutation/Poison         3
   d - Ice Form                       Ice/Transmutation            4
   e - Blade Hands                    Transmutation                5
Comestibles
 c - 3 rations


   Skills:
 - Level 1.1 Fighting
 - Level 1.7 Dodging
 - Level 3.0 Unarmed Combat
 - Level 2.0 Spellcasting
 * Level 4.2 Transmutations


You had 5 spell levels left.
You knew the following spells:

 Your Spells              Type           Power        Failure   Level  Hunger
a - Beastly Appendage     Tmut           ##....       4%          1    ##.....


Dungeon Overview and Level Annotations

Branches:
Dungeon (2/15)

Altars:


Innate Abilities, Weirdness & Mutations

Your plain brown scales are hard. (AC +5)
You cannot fit into any form of body armour.
You are cold-blooded and may be slowed by cold attacks.
You have claws for feet.


Message History

The stone hits the gnoll but does no damage.
The gnoll hits you but does no damage.
Casting: Beastly Appendage
Confirm with . or Enter, or press ? or * to list all spells.
Your feet morph into talons.
The gnoll closely misses you. The gnoll misses you.
You barely miss the gnoll. The gnoll hits you with a spear.
You are feeling hungry.
You hit the gnoll but do no damage. Your kick misses the gnoll.
The gnoll hits you from afar with a spear.
The gnoll closely misses you.
You barely miss the gnoll.
The gnoll hits you from afar with a spear!
You barely miss the gnoll. The gnoll hits you with a spear!
* * * LOW HITPOINT WARNING * * *
The gnoll barely misses you.
You barely miss the gnoll. You claw the gnoll.
The gnoll is lightly wounded.
The gnoll hits you with a spear.
You die...

#...##.# # #...##.###[#
#........#.##########
................#...#
#.#..#.#.##..(..#...#####
#.##.#....g.........)....
#.##.....##$....#g..#
#.###....# .....#g..#
#........# .....#@..#
#####..### ######...#
#####..# #...# ....#..#
##### ###.#..# # #....# #
###..# . ..># # #####


You could see 2 gnolls.

Vanquished Creatures
  A gnoll (D:2)
  An ooze (D:1)
  A worm (D:2)
  2 dart slugs (D:1)
  A ball python (D:1)
  A giant cockroach (D:1)
  A goblin (D:1)
  2 hobgoblins (D:1)
  12 jackals
  3 bats (D:1)
  A frilled lizard (D:1)
  3 kobolds (D:1)
  8 rats
37 creatures vanquished.

Notes
Turn   | Place    | Note
-------+----------+-------------------------------------------
     0 | D:1      | zxpr0jk the Draconian Transmuter began the quest for the Orb.
     0 | D:1      | Reached XP level 1. HP: 16/16 MP: 3/3
   207 | D:1      | Reached XP level 2. HP: 23/23 MP: 5/5
   230 | D:1      | Reached skill level 3 in Transmutations
   527 | D:1      | Reached XP level 3. HP: 28/28 MP: 6/6
  1049 | D:2      | Reached skill level 4 in Transmutations
  1314 | D:2      | HP: 1/28 [gnoll/spear (10)]
  1315 | D:2      | Slain by a gnoll

Skill      XL: |  1  2  3 |
---------------+----------+-----
Transmutations | 3 4 |  4.2
Fighting       | |  1.1
Dodging        | |  1.7
Unarmed Combat | |  3.0
Spellcasting   | |  2.0

Action                   || total
-------------------------++-------
Melee: Unarmed           ||   125
       Tailslap          ||    17
       Headbutt          ||     1
       Kick              ||     6
Throw: Stone             ||     3
 Cast: Beastly Appendage ||     5
 Stab: Sleeping          ||     1
  Eat: Chunk             ||     1
Armor: Skin              ||    35
Dodge: Dodged            ||    97
